 Dungeon Crawl Stone Soup version 0.27.1 (webtiles) character file.

Game seed: 1588589151527562234

85 MajorAdolf the Sneak (level 4, -2/58 HPs)
             Began as a Naga Wanderer on Aug 22, 2021.
             Slain by an ogre (22 damage)
             ... on level 4 of the Dungeon.
             The game lasted 00:07:43 (2641 turns).

MajorAdolf the Sneak (Naga Wanderer)                Turns: 2641, Time: 00:07:44

Health: -2/58      AC: 22    Str: 16    XL:     4   Next: 48%
Magic:  7/7        EV:  1    Int: 14    God:
Gold:   88         SH:  0    Dex:  8    Spells: 5/7 levels left

rFire    . . .     SeeInvis +   e - +0 dagger (venom)
rCold    . . .     Faith    .   (no shield)
rNeg     + + +     Spirit   .   (armour currently unavailable)
rPois    +         Reflect  .   (helmet currently unavailable)
rElec    .         Harm     .   (cloak currently unavailable)
rCorr    .         Rampage  .   (gloves currently unavailable)
Will     +....     NoTele   +   (no barding)
Stlth    ++........             (no amulet)
HPRegen  0.19/turn              i - ring of willpower
MPRegen  0.10/turn              (no ring)

@: tree-form
A: stationary, stasis, torment immunity, boosted hp, AC +1, large, see
invisible, (deformed body), (poison resistance), (slowness 2), spit poison 1,
(naga tail 1)
a: Spit Poison


You were on level 4 of the Dungeon.
You were a tree.
You visited 1 branch of the dungeon, and saw 4 of its levels.

You collected 112 gold pieces.
You spent 24 gold pieces at shops.

Inventory:

Hand Weapons
 a - a +0 short sword
 e - a +0 dagger of venom (weapon)
Armour
 d - a +0 robe (melded)
 g - a +0 cloak (melded)
 l - a +1 pair of gloves (melded)
 p - a +0 cloak
Jewellery
 i - a ring of willpower (left branch)
Wands
 b - a wand of charming (14)
Scrolls
 f - 3 scrolls of identify
 h - 4 scrolls of immolation
 m - a scroll of amnesia {unknown}
 n - a scroll of fog {unknown}
 o - a scroll of vulnerability {unknown}
 q - a scroll of fear {unknown}
Potions
 c - a potion of lignification
 j - 2 potions of degeneration {unknown}
 k - 2 potions of berserk rage {unknown}
 r - a potion of cancellation {unknown}


   Skills:
 + Level 2.2 Fighting
 - Level 3.0 Short Blades
 - Level 1.0 Throwing
 + Level 3.4 Stealth
 + Level 2.2 Spellcasting
 + Level 0.8 Hexes
 - Level 1.0 Transmutations
 + Level 0.7 Ice Magic
 + Level 2.2 Evocations


You had 5 spell levels left.
You knew the following spells:

 Your Spells              Type           Power      Damage    Failure   Level
a - Ensorcelled Hibernat  Hex/Ice        6%         N/A       26%         2

Your spell library contained the following spells:

 Spells                   Type           Power      Damage    Failure   Level
 Spider Form              Tmut/Pois      1%         N/A       50%         3
 Conjure Ball Lightning   Conj/Air       0%         3x3d6     100%        6
 Shadow Creatures         Summ           N/A        N/A       100%        6
 Discord                  Hex            1%         N/A       100%        8
 Disjunction              Tloc           0%         N/A       100%        8


Dungeon Overview and Level Annotations

Branches:
Dungeon (4/15)
 Temple: D:4-7

Altars:
Xom

Shops:
D:2 ?


Innate Abilities, Weirdness & Mutations

You are a tree.
Your roots penetrate the ground, keeping you stationary.
You cannot be teleported.
You are immune to unholy pain and torment.
Your maximum health is greatly increased.
Your equipment is partially melded.
((Your serpentine skin is tough. (AC +1)))
You have supernaturally acute eyesight. (SInv)
((Armour fits poorly on your strangely shaped body.))
((Your system is resistant to poisons. (rPois)))
((You cover ground very slowly.))
You can spit poison.
((You have a snake-like lower body.))


Message History

You catch the helpless giant cockroach completely off-guard!
You puncture the giant cockroach!
You kill the giant cockroach!
No target in view!
There is a stone staircase leading down here.
Key pressed, stopping explore.
Done exploring.
Done exploring.
Done exploring.
No target in view!
Unknown command.
There is a stone staircase leading down here.
You climb downwards.
Found an escape hatch in the ceiling.
There is a stone staircase leading up here.
Unknown command.
An ogre comes into view. It is wielding a +0 giant spiked club.
Found a fuming pink potion and a scroll labelled BASAYG MESTIH.
There is an escape hatch in the ceiling here.
Press: ? - help, Shift-Dir - straight line, f - ogre
Aim: an ogre, wielding a +0 giant spiked club (asleep)
The splash of poison hits the ogre!
The ogre is heavily wounded.
The ogre shouts!
Unknown command.
The ogre hits you with a +0 giant spiked club!!
You hit the ogre but do no damage.
The ogre is moderately wounded.
Unknown command.
Really quaff the potion of lignification?
You turn into a tree.
Your +0 cloak melds into your body.
Your +1 pair of gloves melds into your body.
Your +0 robe melds into your body.
Your roots penetrate the ground.
The ogre hits you with a +0 giant spiked club!
Unknown command.
You hit the ogre.
The ogre is poisoned.
The ogre is heavily wounded.
You have got your breath back.
The ogre hits you with a +0 giant spiked club!!
You die...

.... ..? #....
...##....
........#
.......#####+#
.............#
#.........#
...##....♣....#
........O.<...#
........##....#
........#######
........#
........+
.....!..#
#########


You could see an ogre (very poisoned).

Vanquished Creatures
  A bullfrog skeleton (D:3)
  2 adders
  A dart slug (D:1)
  2 endoplasms (D:1)
  A giant cockroach (D:3)
  4 goblins (D:1)
  3 hobgoblins
  2 quokkas (D:1)
  9 ball pythons
  2 bats (D:1)
  3 frilled lizards (D:3)
  6 kobolds
  3 rats
39 creatures vanquished.

Notes
Turn   | Place    | Note
-------+----------+-------------------------------------------
     0 | D:1      | MajorAdolf the Naga Wanderer began the quest for the Orb.
     0 | D:1      | MajorAdolf set off with the following items: a +0 short
                  | sword, a wand of charming (15), a potion of lignification,
                  | a +0 robe
     0 | D:1      | Reached XP level 1. HP: 18/18 MP: 3/3
   307 | D:1      | Reached XP level 2. HP: 25/25 MP: 5/5
   545 | D:1      | You fall into a shaft and drop 1 floor!
   604 | D:2      | Found Astruhela's Magic Scroll Shoppe.
   627 | D:2      | Bought a scroll of identify for 24 gold pieces
   838 | D:1      | Reached XP level 3. HP: 32/32 MP: 6/6
   888 | D:1      | Learned a level 2 spell: Ensorcelled Hibernation
  1980 | D:3      | Reached XP level 4. HP: 25/39 MP: 7/7
  2312 | D:3      | Found a shimmering altar of Xom.
  2634 | D:4      | Noticed an ogre
  2641 | D:4      | Slain by an ogre

Illustrated notes

Levels and vault maps discovered:
D:1:      tarquinn_simple_flora_water_d, layout_rooms, minmay_misc_feat_room,
          minmay_tetromino_s2
D:2:      layout_rooms, serial_shops, shop, hangedman_decor_clover_reticule
D:3:      layout_rooms, xom_butterflies
D:4:      layout_gridville, ebering_ghost_sewer_d,
          minmay_a_box_with_orc_wizards_in_it

Skill      XL: |  1  2  3 |
---------------+----------+-----
Stealth        | 2 3 |  3.4
Fighting       | 2 |  2.2
Evocations     | 2 |  2.2
Short Blades   | |  3.0
Throwing       | |  1.0
Spellcasting   | |  2.2
Hexes          | |  0.8
Transmutations | |  1.0
Ice Magic      | |  0.7

Action                   |  1- 3 |  4- 6 || total
-------------------------+-------+-------++-------
Melee: Dagger            |    76 |    16 ||    92
 Abil: Spit Poison       |    23 |     2 ||    25
Evoke: Wand              |     1 |       ||     1
  Use: Scroll            |     1 |       ||     1
       Potion            |       |     1 ||     1
 Stab: Sleeping          |     2 |       ||     2
       Distracted        |       |     1 ||     1
Armor: Robe              |    26 |     4 ||    30
Dodge: Dodged            |    37 |     7 ||    44
